 Dungeon Crawl Stone Soup version 0.21.1-1-g345015f (webtiles) character file.

55 Mirai the Sneak (level 4, -5/24 HPs)
             Began as a Kobold Enchanter on Apr 24, 2018.
             Slain by a worm (11 damage)
             ... on level 2 of the Dungeon.
             The game lasted 00:04:11 (1706 turns).

Mirai the Sneak (Kobold Enchanter)                  Turns: 1706, Time: 00:04:11

Health: -5/24      AC:  7    Str:  6    XL:     4   Next: 14%
Magic:  8/8        EV: 16    Int: 16    God:
Gold:   80         SH:  0    Dex: 15    Spells: 7/8 levels left

rFire    . . .     SeeInvis .   t - -2 dagger (curse)
rCold    . . .     Gourm    .   (shield restricted)
rNeg     . . .     Faith    .   b - +0 robe
rPois    .         Spirit   .   (no helmet)
rElec    .         Reflect  .   (no cloak)
rCorr    .         Harm     .   (no gloves)
MR       .....                  (no boots)
Stlth    ++++......             (no amulet)
HPRegen  0.08/turn              h - +5 ring of protection
MPRegen  0.11/turn              k - ring of stealth

@: no status effects
A: small, carnivore
a: no special abilities


You were on level 2 of the Dungeon.
You were completely stuffed.

You visited 1 branch of the dungeon, and saw 2 of its levels.

You collected 80 gold pieces.

Inventory:

Hand Weapons
 a - a +1 dagger
 n - a +1 rapier
 t - a cursed -2 dagger (weapon)
Armour
 b - a +0 robe (worn)
Jewellery
 h - a +5 ring of protection (left hand)
 k - a ring of stealth (right hand)
Scrolls
 l - a scroll of enchant armour {unknown}
 o - a scroll of remove curse {unknown}
 q - a scroll of amnesia {unknown}
 r - a scroll of identify {unknown}
Potions
 f - a potion of brilliance {unknown}
 i - a potion of heal wounds {unknown}
 m - a potion of lignification {unknown}
 s - a potion of degeneration {unknown}
Books
 c - a book of Maledictions

   Spells                             Type                      Level
   a - Corona                         Hexes                        1
   b - Ensorcelled Hibernation        Hexes/Ice                    2
   c - Confuse                        Hexes                        3
   d - Tukima's Dance                 Hexes                        3
   e - Dazzling Spray                 Conjuration/Hexes            3
Comestibles
 d - 3 rations
 p - 2 chunks of flesh


   Skills:
 + Level 2.3 Short Blades
 + Level 3.0 Dodging
 + Level 4.6 Stealth
 + Level 2.6 Spellcasting
 + Level 3.4 Hexes


You had 7 spell levels left.
You knew the following spells:

 Your Spells              Type           Power        Failure   Level  Hunger
a - Corona                Hex            ##.....      4%          1    #......


Dungeon Overview and Level Annotations

Branches:
Dungeon (2/15)

Altars:
Yredelemnul


Innate Abilities, Weirdness & Mutations

You are small and have problems with some larger weapons.
You are carnivorous and can eat meat at any time.


Message History

You hit the worm but do no damage.
The worm is lightly wounded.
You completely miss the worm.
The worm is lightly wounded.
The worm misses you.
You hit the worm.
The worm is lightly wounded.
The worm bites you!
* * * LOW HITPOINT WARNING * * *
You hit the worm but do no damage.
The worm is lightly wounded.
You barely miss the worm.
The worm is lightly wounded.
The worm barely misses you.
You hit the worm but do no damage.
Casting: Corona
Confirm with . or Enter, or press ? or * to list all spells.
You don't know that spell.
The worm bites you!
You die...

##.#..## ##...## #.#
#.###.## ##.## #.#######
.####..##### #.#
#........ ## #.#.....#
#.# ####.####
.####..###.# ####.####
#.# #.###.## #.#
#.......# #.# ##.#..#
#.## #.#####.# ##.##
....#.# #..# #w#
#.####...# P.P.#.# ##.#
#@# #........# ._....#
#.# #.# #.####...#
P.P...# #.#
#.#####.......## ....###
#.# #......(####..#
#.### #.# ####.#### #..#
..# #.# #.#######..# #.#
#.# #.##.......#
#.#########.#
###.##.####.##
#.......^##.#####>..)..#
#.#


You could see a worm.

Vanquished Creatures
  An adder (D:2)
  An ooze (D:2)
  A dart slug (D:2)
  3 leopard geckos
  A ball python (D:1)
  2 giant cockroaches
  2 hobgoblins
  5 kobolds
  3 bats
  6 frilled lizards
  9 goblins
  4 rats
38 creatures vanquished.

Notes
Turn   | Place    | Note
-------+----------+-------------------------------------------
     0 | D:1      | Mirai the Kobold Enchanter began the quest for the Orb.
     0 | D:1      | Reached XP level 1. HP: 10/10 MP: 3/3
   387 | D:1      | Reached XP level 2. HP: 14/15 MP: 5/5
   864 | D:1      | Reached XP level 3. HP: 19/19 MP: 6/6
  1317 | D:2      | Found a basalt altar of Yredelemnul.
  1429 | D:2      | Reached XP level 4. HP: 21/24 MP: 7/7
  1706 | D:2      | Slain by a worm

Skill      XL: |  1  2  3 |
---------------+----------+-----
Short Blades   | 2 |  2.3
Dodging        | 3 |  3.0
Stealth        | |  4.6
Spellcasting   | |  2.6
Hexes          | |  3.4

Action                   |  1- 3 |  4- 6 || total
-------------------------+-------+-------++-------
Melee: Dagger            |   100 |    19 ||   119
       Rapier            |    26 |     9 ||    35
 Cast: Corona            |     1 |       ||     1
  Use: Scroll            |       |     3 ||     3
 Stab: Sleeping          |     6 |     2 ||     8
  Eat: Chunk             |    10 |     1 ||    11
Armor: Robe              |    29 |     4 ||    33
Dodge: Dodged            |    80 |    12 ||    92
